 Dungeon Crawl Stone Soup version 0.30-b1-2-g02819fbbbe (webtiles) character file.

Game seed: 3276329997316679953

291 Fartwhistle the Changer (level 6, -1/39 HPs)
             Began as an Octopode Transmuter on June 6, 2023.
             Slain by an orc priest
             ... wielding a +0 trident
              (8 damage)
             ... on level 4 of the Dungeon.
             The game lasted 00:05:58 (2702 turns).

Fartwhistle the Changer (Octopode Transmuter)       Turns: 2702, Time: 00:05:59

Health: -1/39      AC:  2    Str:  9    XL:     6   Next: 32%
Magic:  8/11       EV: 20    Int: 17    God:
Gold:   161        SH:  0    Dex: 24    Spells: 6/12 levels left

rFire   . .          .
                       - Unarmed
rCold   . . .        (shield currently unavailable)
rNeg    . . .        (helmet currently unavailable)
rPois   x            (no amulet)
rElec   .            q - +6 ring of dexterity
rCorr   +            r - ring of resist corrosion
SInv    .            (no ring)
Will    .....        (no ring)
Stlth   ++           (no ring)
HPRegen 0.26/turn    (no ring)
MPRegen 0.12/turn    (no ring)
                     (no ring)

%: no passive effects
@: spider-form
A: venomous fangs, almost no armour, (amphibious), 8 rings, tiny, (camouflage
1), (gelatinous body 1), (nimble swimmer 1), (tentacles)
a: End Transformation


You were on level 4 of the Dungeon.
You were a venomous arachnid creature.
You visited 1 branch of the dungeon, and saw 4 of its levels.

You collected 161 gold pieces.

Inventory:

Missiles
 g - 5 curare-tipped darts
 h - 4 atropa-tipped darts
Jewellery
 q - a +6 ring of dexterity (left front pincers)
 r - a ring of resist corrosion (right front pincers)
Scrolls
 k - a scroll of amnesia {unknown}
 n - a scroll of blinking {unknown}
 o - a scroll of poison
 s - a scroll of fog {unknown}
Potions
 a - 2 potions of lignification
 b - 3 potions of might
 c - a potion of brilliance {unknown}
 d - a potion of haste
 e - 2 potions of mutation
 j - a potion of attraction {unknown}
 m - a potion of magic {unknown}
 p - 4 potions of curing


   Skills:
 + Level 1.7 Fighting
 - Level 2.1 Dodging
 - Level 3.1 Unarmed Combat
 + Level 3.7 Spellcasting
 * Level 4.6 Transmutations
 - Level 2.0 Poison Magic


You had 6 spell levels left.
You knew the following spells:

 Your Spells              Type           Power      Damage    Failure   Level
a - Beastly Appendage     Tmut           36%        N/A       10%         1
b - Wereblood             Tmut           18%        N/A       12%         2
c - Spider Form           Tmut/Pois      14%        N/A       30%         3

Your spell library contained the following spells:

 Spells                   Type           Power      Damage    Failure   Level
 Ignite Poison            Fire/Tmut/Pois 10%        N/A       41%         3
 Lesser Beckoning         Tloc           6%         N/A       45%         2
 Gell's Gravitas          Tloc           3%         N/A       65%         3
 Teleport Other           Tloc           3%         N/A       65%         3
 Ice Form                 Ice/Tmut       11%        N/A       75%         4
 Sticky Flame             Conj/Fire      3%         2d3       95%         4
 Summon Lightning Spire   Summ/Air       3%         N/A       95%         4
 Storm Form               Tmut/Air       5%         N/A       100%        7
 Ignition                 Fire           1%         3d3       100%        8
 Maxwell's Capacitive Co  Air            1%         ∞         100%        8


Dungeon Overview and Level Annotations

Branches:
Dungeon (4/15)
 Temple: D:4-7

Altars:

Annotations:
D:3 2 transporters


Innate Abilities, Weirdness & Mutations

You are a venomous arachnid creature.
You have venomous fangs.
You are tiny and dextrous.
Your spellcasting is less reliable in this form.
Your armour is entirely melded.
You are incapable of wielding weapons or throwing items.
You cannot wear most types of armour.
((You are amphibious.))
You can wear up to eight rings at the same time.
((Your skin changes colour to match your surroundings (Stealth+).))
((Your rubbery body absorbs attacks. (AC +1, EV +1)))
((You are camouflaged when in or above water. (Stealth+)))
((You have tentacles for arms and can constrict up to eight enemies at once.))


Message History

You kill the orc!
The orc priest mumbles some strange prayers to Beogh against you.
Beogh smites you!
You tentacle-slap the hobgoblin but do no damage.
You grab the hobgoblin. You squeeze the hobgoblin.
You kill the hobgoblin!
You tentacle-slap the orc. You grab the orc.
The orc is moderately wounded.
You constrict the orc. The orc barely misses you.
The orc priest closely misses you.
You tentacle-slap the orc.
The orc is severely wounded.
You constrict the orc.
You kill the orc!
The orc priest completely misses you.
Items here: )) ††.
You barely miss the orc priest. You grab the orc priest.
You constrict the orc priest, but do no damage.
The orc priest hits you with a +0 trident!
You are too injured to fight recklessly!
You are too injured to fight recklessly!
You are too injured to fight recklessly!
You are too injured to fight recklessly!
Casting: Wereblood (safe; 3% risk of failure)
Confirm with . or Enter, or press ? or * to list all spells.
The spell is quite dangerous to miscast (13% risk of failure)!
Continue anyway?
You turn into a venomous arachnid creature.
You lose your grip on the orc priest.
The orc priest closely misses you.
You hit the orc priest.
The orc priest is poisoned.
The orc priest is lightly wounded.
The orc priest barely misses you.
You hit the orc priest.
The orc priest is moderately wounded.
The orc priest calls down the wrath of Beogh upon you.
Beogh smites you!
* * * LOW HITPOINT WARNING * * *
You hit the orc priest but do no damage.
The orc priest is heavily wounded.
The orc priest hits you with a +0 trident!
You die...

#.# ##..###.#####
#.......##..
#..#..#.##.#
#.....#.##.# # ##
##.....#.#..#.# #.
....#.#.#†.#.#
##.####.##.#.!....#
#.....).......#s###
###...##.##.####o#
..###.##.##.# #..
..# #.##....# ####
..###.##.###.
.........# .
..###.#### .. ..#
#.# .. ..# #.#


You could see an orc priest (very poisoned).

Vanquished Creatures
  A scorpion (D:4)
  A hound (D:4)
  An orc priest (D:4)
  An iguana (D:4)
  2 gnolls (D:1)
  5 adders
  A worm (D:4)
  A dart slug (D:1)
  10 orcs
  5 bats
  4 endoplasms
  4 giant cockroaches
  9 goblins
  6 hobgoblins
  6 kobolds
  2 quokkas
  8 ball pythons
  A frilled lizard (D:1)
  7 rats
75 creatures vanquished.

Notes
Turn   | Place    | Note
-------+----------+-------------------------------------------
     0 | D:1      | Fartwhistle the Octopode Transmuter began the quest for the
                  | Orb.
     0 | D:1      | Reached XP level 1. HP: 13/13 MP: 3/3
   113 | D:1      | Reached XP level 2. HP: 18/18 MP: 3/5
   134 | D:1      | Found a faded altar of an unknown god.
   389 | D:1      | Reached XP level 3. HP: 23/23 MP: 6/6
   394 | D:1      | Learned a level 2 spell: Wereblood
   760 | D:2      | Reached skill level 3 in Transmutations
   864 | D:2      | Reached XP level 4. HP: 26/28 MP: 8/8
   868 | D:2      | Learned a level 3 spell: Spider Form
  1602 | D:2      | Reached skill level 1 in Poison Magic
  1739 | D:3      | Found a transporter.
  1834 | D:3      | Found a transporter.
  1908 | D:3      | Reached XP level 5. HP: 26/33 MP: 9/9
  2522 | D:4      | Reached skill level 4 in Transmutations
  2641 | D:4      | Reached XP level 6. HP: 27/38 MP: 7/11
  2702 | D:4      | Slain by an orc priest

Illustrated notes

Levels and vault maps discovered:
D:1:      minmay_arrival_open_corners, layout_rooms,
          dreamdust_ecumenical_altar_grove, st_stairs_11
D:2:      layout_loops_ring, dk_noncrumbling_4
D:3:      gammafunk_wand_slinger, layout_basic
D:4:      layout_basic

Skill      XL: |  1  2  3  4  5 |
---------------+----------------+-----
Transmutations | 3 4 |  4.6
Spellcasting   | 3 |  3.7
Poison Magic   | 1 2 |  2.0
Fighting       | |  1.7
Dodging        | |  2.1
Unarmed Combat | |  3.1

Action                     |  1- 3 |  4- 6 || total
---------------------------+-------+-------++-------
  Melee: Unarmed           |    72 |   107 ||   179
         Kick              |     8 |     5 ||    13
         Constrict         |    17 |    25 ||    42
         Tentacles         |    12 |    19 ||    31
         Punch             |     5 |     2 ||     7
   Cast: Beastly Appendage |     6 |     4 ||    10
         Wereblood         |       |     4 ||     4
         Spider Form       |       |     4 ||     4
    Use: Scroll            |       |     8 ||     8
   Stab: Sleeping          |     1 |     9 ||    10
 Armour: Skin              |     7 |     4 ||    11
  Dodge: Dodged            |    65 |    69 ||   134
